 Dungeon Crawl Stone Soup version 0.31-a0-369-g8eba5f6939 (webtiles) character file.

Game seed: 16281894438110385534

259 RepHenryClay the Magician (level 6, -14/40 HPs)
             Began as a Djinni Fire Elementalist on July 29, 2023.
             Demolished by Duvessa
             ... wielding a +0 short sword
              (16 damage)
             ... on level 4 of the Dungeon.
             The game lasted 00:03:47 (2694 turns).

RepHenryClay the Magician (DjFE)                    Turns: 2694, Time: 00:03:47

Health: -14/40     AC:  3    Str:  7    XL:     6   Next: 40%
Gold:   128        EV: 12    Int: 19    God:
                   SH:  0    Dex: 13

rFire   + + .        (no weapon)
rCold   x . .        (no shield)
rNeg    . . .        a - +0 robe
rPois   ∞            (no helmet)
rElec   .            k - +0 cloak
rCorr   .            (no gloves)
SInv    .            (boots unavailable)
Will    .....        (no amulet)
Stlth   ++           (no ring)
HPRegen 0.26/turn    (no ring)
MPRegen 0.00/turn

%: infuse magic (-15 HP)
@: flying
A: sickness immunity, fire resistance 2, cold vulnerability 1, float, innate
caster, HP casting, extra vitality 1
a: no special abilities


You were on level 4 of the Dungeon.
You visited 1 branch of the dungeon, and saw 4 of its levels.

You collected 128 gold pieces.

Inventory:

Armour
 a - a +0 robe (worn)
 k - a +0 cloak (worn)
Scrolls
 b - a scroll of amnesia {unknown}
 c - 2 scrolls of identify {unknown}
 i - a scroll of enchant armour {unknown}
Potions
 d - a potion of mutation {unknown}
 e - 3 potions of curing {unknown}
 f - a potion of resistance {unknown}
 g - a potion of heal wounds {unknown}
 h - a potion of berserk rage {unknown}
 j - a potion of attraction {unknown}
 l - 2 potions of brilliance {unknown}


   Skills:
 - Level 2.1 Dodging
 - Level 1.5 Stealth
 + Level 5.3 Spellcasting
 + Level 5.3 Conjurations
 + Level 5.3 Hexes
 + Level 5.3 Summonings
 + Level 5.3 Necromancy
 + Level 5.3 Translocations
 + Level 5.3 Transmutations
 + Level 5.3 Fire Magic
 + Level 5.3 Ice Magic
 + Level 5.3 Air Magic
 + Level 5.3 Earth Magic
 + Level 5.3 Poison Magic


You knew the following spells:

 Your Spells              Type           Power      Damage    Failure   Level
a - Foxfire               Conj/Fire      100%       2x1d9     1%          1
b - Scorch                Fire           50%        2d7       1%          2
c - Volatile Blastmotes   Fire/Tloc      50%        2d14      4%          3
d - Inner Flame           Hex/Fire       25%        N/A       4%          3
e - Flame Wave            Conj/Fire      25%        2d8       13%         4
f - Sandblast             Erth           50%        2d12      1%          1
g - Wereblood             Tmut           25%        N/A       1%          2
Your spell library was empty.

Dungeon Overview and Level Annotations

Branches:
Dungeon (4/15)
 Temple: D:4-7

Altars:
Elyvilon
Xom

Annotations:
D:2 1 runed translucent door, Crazy Yiuf
D:4 Duvessa


Innate Abilities, Weirdness & Mutations

You are immune to sickness and miasma.
You are immune to poison.
Your flesh is very heat resistant. (rF++)
You are vulnerable to cold. (rC-)
You float through the air rather than walking.
You learn spells naturally, not from books.
Your magical power is your life essence.
You have superior vitality. (+4 MHP)


Message History

Confirm with . or Enter, or press ? or * to list all spells.
You conjure some foxfire!
The foxfire hits Dowan.
Dowan is almost dead.
The foxfire hits Dowan.
Dowan is almost dead.
Damage: -3%(-1hp) hp: 95%(38hp)
Casting: Foxfire (safe; 1% risk of failure)
Confirm with . or Enter, or press ? or * to list all spells.
You conjure some foxfire!
The foxfire hits Dowan.
You kill Dowan!
Duvessa weeps, and shakes her weapon.
Duvessa goes berserk!
You hear a shout!
You hear an angry hiss.
The foxfire hits Duvessa but does no damage.
Duvessa barely misses you.
Casting: Foxfire (safe; 1% risk of failure)
Confirm with . or Enter, or press ? or * to list all spells.
Flames lash Duvessa.
Duvessa is lightly wounded.
Duvessa's fire resistance burns away.
Duvessa hits you with a +0 short sword! Duvessa closely misses you.
Huge Dmg: -37%(-15hp) hp: 58%(23hp)
Casting: Scorch (safe; 1% risk of failure)
Confirm with . or Enter, or press ? or * to list all spells.
Okay, then.
Unknown command.
Casting: Scorch (safe; 1% risk of failure)
Confirm with . or Enter, or press ? or * to list all spells.
You conjure some foxfire!
Duvessa hits you with a +0 short sword!
* * * LOW HITPOINT WARNING * * *
A gnoll comes into view. It is wielding a +0 halberd.
The foxfire hits Duvessa.
Duvessa is lightly wounded.
The foxfire hits the gnoll.
The gnoll is heavily wounded.
Duvessa hits you with a +0 short sword!
* * * LOW HITPOINT WARNING * * *
Duvessa hits you with a +0 short sword!
You die...

##.........#
#...######.#
#..## #.## #.#
#.# . #.#
....###)#
......e@#
....###..g.....
.# ....##.##
.#.#.# #.#.#.#
# #.... #.. .#
#.# ##


You could see Duvessa (berserk, combustible) and a gnoll.

Vanquished Creatures
  Dowan (D:4)
  A jelly (D:3)
  Natasha (thrice) (D:2)
  An orc wizard (D:3)
  2 adders (D:2)
  A worm (D:2)
  A dart slug (D:2)
  6 orcs (D:3)
  5 endoplasms
  A giant cockroach (D:3)
  7 goblins
  4 hobgoblins
  2 quokkas (D:1)
  6 ball pythons
  6 bats
  5 frilled lizards
  3 kobolds
  2 rats (D:2)
57 creatures vanquished.

Vanquished Creatures (others)
  A quokka (D:3)
  179 foxfires
180 creatures vanquished.

Grand Total: 237 creatures vanquished

Notes
Turn   | Place    | Note
-------+----------+-------------------------------------------
     0 | D:1      | RepHenryClay the Djinni Fire Elementalist began the quest
                  | for the Orb.
     0 | D:1      | RepHenryClay set off with the following spells memorised:
                  | Foxfire, Scorch, Volatile Blastmotes, Inner Flame, Flame
                  | Wave.
     0 | D:1      | Reached XP level 1. HP: 15/15 MP: 0/0
   193 | D:1      | Reached XP level 2. HP: 20/21 MP: 0/0
   729 | D:2      | Reached XP level 3. HP: 18/25 MP: 0/0
   729 | D:2      | Learned a level 1 spell: Sandblast
   802 | D:2      | Noticed Natasha
   817 | D:2      | Killed Natasha
   818 | D:2      | Reached XP level 4. HP: 13/31 MP: 0/0
   956 | D:2      | Found a runed translucent door.
   957 | D:2      | Noticed Crazy Yiuf
   985 | D:2      | Noticed Natasha
   991 | D:2      | Killed Natasha
  1243 | D:2      | Reached XP level 5. HP: 30/35 MP: 0/0
  1243 | D:2      | Learned a level 2 spell: Wereblood
  1577 | D:2      | Noticed Natasha
  1585 | D:2      | Killed Natasha
  2240 | D:3      | Reached skill level 5 in Spellcasting
  2240 | D:3      | Reached skill level 5 in Conjurations
  2240 | D:3      | Reached skill level 5 in Hexes
  2240 | D:3      | Reached skill level 5 in Summonings
  2240 | D:3      | Reached skill level 5 in Necromancy
  2240 | D:3      | Reached skill level 5 in Translocations
  2240 | D:3      | Reached skill level 5 in Transmutations
  2240 | D:3      | Reached skill level 5 in Fire Magic
  2240 | D:3      | Reached skill level 5 in Ice Magic
  2240 | D:3      | Reached skill level 5 in Air Magic
  2240 | D:3      | Reached skill level 5 in Earth Magic
  2240 | D:3      | Reached skill level 5 in Poison Magic
  2375 | D:3      | Reached XP level 6. HP: 38/40 MP: 0/0
  2444 | D:3      | Found a white marble altar of Elyvilon.
  2542 | D:3      | Found a shimmering altar of Xom.
  2683 | D:4      | Noticed Dowan
  2684 | D:4      | Noticed Duvessa
  2690 | D:4      | Killed Dowan
  2694 | D:4      | HP: 2/40 [Duvessa/+0 short sword (10)]
  2694 | D:4      | Demolished by Duvessa

Illustrated notes

Levels and vault maps discovered:
D:1:      lemuel_arrival_muddy, layout_loops_ring
D:2:      layout_basic, minmay_tall_x, uniq_natasha, uniq_crazy_yiuf_cottage
D:3:      layout_loops_ring, elyvilon_altar_4, gammafunk_temple_overflow_statue,
          minmay_misc_feat_secret_circle, grunt_decor_clamped
D:4:      layout_basic, yredelemnul_altar_generic, nemelex_altar_shiori,
          minmay_temple_entry_tees, serial_shops, shop, serial_corexii_hall,
          corexii_hall_statues_t, chequers_hall_statues_corner_a, minmay_cupped,
          uniq_menkaure, uniq_pikel, uniq_duvessa

Skill      XL: |  1  2  3  4  5 |
---------------+----------------+-----
Spellcasting   | 4 5 |  5.3
Conjurations   | 4 5 |  5.3
Hexes          | 4 5 |  5.3
Summonings     | 4 5 |  5.3
Necromancy     | 4 5 |  5.3
Translocations | 4 5 |  5.3
Transmutations | 4 5 |  5.3
Fire Magic     | 4 5 |  5.3
Ice Magic      | 4 5 |  5.3
Air Magic      | 4 5 |  5.3
Earth Magic    | 4 5 |  5.3
Poison Magic   | 4 5 |  5.3
Dodging        | |  2.1
Stealth        | |  1.5

Action                     |  1- 3 |  4- 6 || total
---------------------------+-------+-------++-------
  Melee: Unarmed           |     2 |     1 ||     3
   Cast: Foxfire           |    35 |    70 ||   105
         Scorch            |       |     1 ||     1
 Armour: Robe              |     5 |     6 ||    11
  Dodge: Dodged            |    23 |    22 ||    45

Table legend: (Time is in decaauts)
 A = Elapsed time spent in this place.
 B = Non-inter-level travel time spent in this place.
 C = Inter-level travel time spent in this place.
 D = Time resting spent in this place.
 E = Time spent auto-exploring this place.
 F = Levels seen in this place.
 G = Mean time per level.
                   A        B        C        D        E       F      G
               +--------+--------+--------+--------+--------+-----+--------+
         Total |   2693 |   2610 |     83 |      0 |   2192 |   4 |  673.2 |
       Dungeon |   2693 |   2610 |     83 |      0 |   2192 |   4 |  673.2 |
               +--------+--------+--------+--------+--------+-----+--------+

Top non-repeatable levels by time:
     D:2: 1055 daAuts
     D:3: 926 daAuts
     D:1: 684 daAuts
     D:4: 26 daAuts
